Map: Dead of Night

Players

FroGGe

  • Race: Zerg Zerg

larsgj

  • Race: Terran Terran

VOD

Have the link to the VOD?

Description

Time

  • Played on: May 10, 2020, 6:54 a.m.
  • Length: 36:10
Show
View Real Time Build Order
Export as new Build Order

FroGGe Zerg 

Build Orders:  

Get SALT Encoding   

  1  0:00  Drone x12, Hive, Overlord  
    0:11  Unknown  
    0:15  Drone  
  13  0:30  Overlord  
  13  0:37  Drone  
  14  1:04  Spawning Pool  
  14  1:06  Drone  
  14  1:28  Drone x3  
  17  1:36  Zergling x2  
  18  1:44  Queen  
  20  1:50  Zergling x2  
  21  2:06  Extractor, Zergling x2  
  21  2:28  Zergling x2  
  22  2:43  Evolution Chamber  
  22  2:45  Drone  
  22  2:51  Overlord  
  22  3:07  Overlord  
  22  3:16  Queen  
  24  3:30  Drone x2  
  24  3:31  Drone  
  27  3:54  Zergling x8  
  31  4:43  Lair  
  31  4:57  Extractor  
  31  4:58  Drone x3  
  31  4:59  Drone  
  34  5:03  Metabolic Boost  
  32  5:44  Zerg Missile Weapons Level 1  
  32  5:48  Zergling x4  
  32  5:49  Zergling x8  
  29  6:44  Evolution Chamber  
  28  7:18  Hydralisk Den  
  27  7:21  Extractor, Drone x4  
  27  7:22  Drone x2  
  32  7:34  Zerg Melee Weapons Level 1  
  32  8:02  Hydralisk x2  
  36  8:24  Zerg Ground Armor Level 1  
  36  8:52  Hydralisk  
  36  8:55  Overlord x4  
  36  8:56  Overlord x3  
  38  9:43  Hydralisk x2  
  38  9:44  Hydralisk  
  43  10:14  Zerg Missile Weapons Level 2  
  43  10:40  Hydralisk Den  
  43  10:42  Muscular Augments  
  43  10:45  Drone x2  
  43  10:46  Drone x4  
  46  11:36  Drone x4  
  46  11:38  Hatchery  
  49  11:42  Queen  
  49  12:42  Hydralisk x5  
  49  12:43  Hydralisk x3  
  65  13:01  Drone  
  66  13:23  Heroic Fortitude  
  66  13:46  Drone x2  
  68  14:12  Hydralisk x2  
  68  14:13  Hydralisk x3  
  78  14:23  Zerg Melee Weapons Level 2  
  78  14:41  Spine Crawler  
  77  14:57  Hive  
  77  15:11  Drone x2  
  77  15:12  Drone x2  
  81  15:22  Hydralisk  
  81  15:23  Hydralisk x5  
  81  15:24  Hydralisk x3  
  97  17:25  Hydralisk  
  97  17:27  Overlord  
  97  17:28  Overlord x5  
  97  17:29  Overlord  
  99  17:33  Zerg Ground Armor Level 2  
  67  19:10  Hydralisk x3  
  67  19:11  Hydralisk x5  
  67  19:12  Hydralisk x4  
  91  20:23  Hydralisk  
  91  20:24  Hydralisk x6  
  91  20:25  Hydralisk x5  
  115  20:32  Zerg Melee Weapons Level 3  
  115  20:43  Zerg Missile Weapons Level 3  
  113  22:33  Hydralisk  
  113  22:34  Hydralisk x5  
  113  22:35  Hydralisk x4  
  113  22:36  Hydralisk x2  
  137  23:09  Hydralisk  
  139  23:32  Drone  
  139  23:35  Overlord  
  140  24:23  Zerg Ground Armor Level 3  
  140  24:32  Hydralisk x4  
  140  24:35  Overlord x3  
  140  24:36  Overlord x3  
  125  26:21  Hydralisk x3  
  125  26:22  Hydralisk x5  
  125  26:23  Hydralisk x4  
  149  27:10  Hydralisk x2  
  149  27:11  Hydralisk x4  
  161  28:32  Hydralisk x4  
  161  28:33  Hydralisk x5  
  161  28:34  Hydralisk  
  181  30:10  Hydralisk  
  181  30:11  Hydralisk x3  
  189  30:33  Spine Crawler  
  188  30:47  Spine Crawler  
  187  31:06  Spine Crawler  
  187  31:07  Queen  
  188  31:12  Spine Crawler  
  187  32:06  Hydralisk x2  
  187  32:07  Hydralisk x2  
  195  32:11  Overlord  
  183  33:46  Hydralisk x3  
  183  33:47  Hydralisk x5  
Show
View Real Time Build Order
Export as new Build Order

larsgj Terran 

Build Orders:  

Get SALT Encoding   

  1  0:00  Orbital Command, SCV x12  
    0:11  Unknown  
    0:17  SCV  
  13  0:41  Supply Depot  
  13  0:54  Barracks  
  13  0:56  SCV  
  14  1:13  SCV  
  15  1:27  Marine  
  16  1:30  SCV  
  16  1:37  Marine  
  17  1:48  Barracks  
  18  2:24  Supply Depot  
  18  2:30  Supply Depot  
  18  2:33  Marine x2  
  20  2:43  Marine x2  
  20  2:45  SCV  
  23  2:53  Marine  
  23  2:54  Marine  
  25  3:02  SCV  
  25  3:04  Marine  
  27  3:12  Marine  
  27  3:14  Marine  
  27  3:19  SCV  
  30  3:22  Marine  
  30  3:27  Marine  
  32  3:34  Marine  
  32  3:36  SCV  
  32  3:37  Marine  
  34  3:44  Marine  
  34  3:48  Supply Depot  
  36  4:04  Marine  
  36  4:05  Marine  
  36  4:08  Refinery  
  38  4:28  SCV  
  39  4:34  Refinery  
  39  4:37  Refinery  
  39  4:45  SCV  
  40  4:58  Bunker  
  40  5:02  SCV  
  40  5:07  Unknown  
  41  5:19  SCV  
  42  5:28  Barracks Tech Lab  
  43  5:30  Barracks Tech Lab  
  43  5:35  Bunker  
  43  5:36  SCV  
  44  5:45  Marine  
  44  5:53  SCV  
  45  6:03  Marine  
  45  6:09  Bunker  
  46  6:10  SCV  
  47  6:41  Bunker  
  47  6:58  Supply Depot  
  47  6:59  Marauder  
  47  7:01  Supply Depot  
  47  7:02  SCV  
  47  7:03  Supply Depot x2  
  50  7:12  Barracks, Marauder  
  50  7:18  SCV  
  53  7:38  Engineering Bay  
  53  7:50  Marine, Marauder  
  56  8:00  Marine  
  56  8:03  Marauder  
  59  8:10  Marine  
  59  8:15  Marine  
  55  9:20  Terran Infantry Weapons Level 1  
  55  9:23  Marine  
  55  9:24  Marauder  
  55  9:25  Barracks Tech Lab  
  58  9:33  Medic  
  58  9:36  Marine, SCV  
  62  9:44  Marauder  
  62  9:46  Medic  
  66  9:53  SCV  
  66  9:56  Marine  
  66  9:57  Marauder  
  69  10:06  Medic  
  70  10:10  SCV  
  69  11:07  Marine, Marauder  
  68  11:17  Medic  
  68  11:19  Stabilizer Medpacks  
  71  11:20  Marine  
  71  11:28  Marauder  
  74  11:30  Medic  
  78  12:00  Terran Infantry Armor Level 1  
  76  12:43  Bunker  
  76  13:15  Bunker  
  76  13:28  Marine  
  76  13:29  Marauder  
  76  13:39  Supply Depot  
  79  13:40  Marine, Medic  
  79  13:41  Medic  
  79  13:42  Supply Depot  
  79  13:44  Supply Depot  
  79  13:47  Missile Turret, Supply Depot x2  
  79  13:48  Supply Depot  
  84  13:50  Marine, Marauder  
  84  13:52  Marauder  
  89  14:00  Medic  
  91  14:40  Structure Armor  
  91  14:50  Neosteel Frame  
  91  14:57  Marine  
  91  14:58  Marauder, Medic  
  91  15:08  Marine  
  91  15:09  Marauder  
  96  15:10  Medic, Supply Depot  
  96  15:11  Supply Depot  
  96  15:14  Supply Depot  
  96  15:17  Supply Depot  
  96  15:18  Marine, Supply Depot  
  101  15:20  Supply Depot  
  101  15:21  Marauder, Medic  
  101  15:22  Supply Depot  
  101  15:28  Marine  
  106  15:32  Marauder  
  106  15:33  Medic  
  106  15:38  Marine  
  111  15:44  Marauder, Medic  
  116  16:03  Bunker  
  116  16:35  Bunker  
  114  17:10  Bunker  
  104  17:45  Bunker  
  104  18:05  Marine  
  104  18:06  Marauder, Medic  
  109  18:16  Marine  
  109  18:17  Marauder  
  109  18:18  Bunker, Medic  
  112  18:26  Marine  
  112  18:29  Marauder, Medic  
  115  18:36  Marine  
  115  18:39  Marauder  
  120  18:41  Medic  
  120  18:46  Marine  
  125  18:52  Marauder, Medic  
  129  19:28  Bunker  
  129  20:01  Bunker  
  129  20:22  Marine, Medic  
  129  20:23  Marauder  
  134  20:32  Marine  
  134  20:33  Marauder  
  134  20:35  Bunker, Medic  
  139  20:42  Marine  
  139  20:45  Marauder, Medic  
  144  20:52  Marine  
  144  20:56  Marauder  
  144  20:58  Medic  
  147  21:02  Marine  
  147  21:08  Marauder, Medic  
  150  21:11  Bunker  
  150  21:13  Marine  
  150  21:19  Marauder  
  155  21:20  Medic  
  155  21:23  Marine  
  160  21:31  Marauder, Medic  
  160  21:33  Marine  
  160  21:35  Supply Depot  
  160  21:37  Supply Depot  
  160  21:39  Supply Depot  
  165  21:42  Marauder  
  165  21:44  Bunker  
  167  22:09  Orbital Command  
  167  22:22  Bunker  
  167  22:56  Bunker  
  167  22:59  Marine  
  167  23:00  Marine x2  
  167  23:06  Factory  
  167  23:09  Marine  
  170  23:10  Marine x2  
  173  23:20  Marine x3  
  176  23:30  Bunker, Marine x3  
  179  23:40  Marine  
  179  23:41  Marine x2  
  175  25:17  Marine  
  175  25:18  Marine x2  
  175  25:28  Marine x3  
  178  25:38  Marine x3  
  181  25:48  Marine  
  181  25:49  Marine x2  
  184  25:58  Marine  
  184  25:59  Marine x2  
  190  26:32  Bunker  
  190  27:06  Bunker  
  190  27:19  Armory  
  190  27:38  Bunker  
  190  28:11  Marine, Medic, Marauder, Bunker  
  195  28:21  Marine  
  195  28:22  Marauder  
  195  28:24  Medic  
  200  28:40  Terran Infantry Weapons Level 2  
  200  28:49  Bunker  
  200  29:21  Bunker  
  197  31:09  SCV  
  198  31:26  Starport, SCV  
  199  31:30  Starport  
  199  31:43  SCV  
  199  31:48  Advanced Optics  
  200  31:50  Terran Infantry Armor Level 2  
  200  32:23  Fusion Core, Starport  
  200  32:28  Starport Tech Lab x2  
Tags
 
Matchup
Co-op
Replay Pack
Multiplayer
Add a new tag
Caveats
  • Supply blocks, unpowered buildings, or Contaminate may cause inaccurate times.
  • Supply counts are checked every 10 seconds.